 Dungeon Crawl Stone Soup version 0.28.0-47-ge53b351184 (webtiles) character file.

Game seed: 2964091203265597139

9758 CryoSword the Spear-Bearer (level 11, -5/133 HPs)
             Began as a Gnoll Cinder Acolyte on Apr 26, 2022.
             Was a Priest of Ignis.
             Slain by an ice devil (11 damage)
             ... in an ice cave.
             The game lasted 00:20:26 (12422 turns).

CryoSword the Spear-Bearer (Gnoll Cinder Acolyte)  Turns: 12422, Time: 00:20:26

Health: -5/133     AC: 25    Str: 14    XL:     11   Next: 51%
Magic:  3/21       EV: -1    Int: 14    God:    Ignis [***...]
Gold:   135        SH:  9    Dex: 11    Spells: 21/24 levels left

rFire   . . .      SeeInvis .   w - +0 spear (flame)
rCold   + . .      Faith    .   h - +0 kite shield
rNeg    . . .      Spirit   .   (armour currently unavailable)
rPois   +          Reflect  .   (helmet currently unavailable)
rElec   .          Harm     .   (cloak currently unavailable)
rCorr   .          Rampage  .   (gloves currently unavailable)
Will    .....      NoTele   +   (boots currently unavailable)
Stlth   +++.......              (no amulet)
HPRegen 0.32/turn               f - +4 ring of evasion
MPRegen 0.17/turn               I - ring of ice

@: mighty, tree-form, hasted, constricted, very quick
A: stationary, stasis, torment immunity, boosted hp, (fangs 1), strong nose,
distributed training
a: Renounce Religion, Fiery Armour, Foxfire Swarm, Rising Flame


You were in an ice cave.
You worshipped Ignis.
Ignis was most pleased with you.
You were a tree.
You visited 1 branch of the dungeon, and saw 11 of its levels.
You also visited: Ossuary and Ice Cave.

You collected 561 gold pieces.
You spent 426 gold pieces at shops.

Inventory:

Hand Weapons
 a - a +0 hand crossbow
   (You took it off a kobold on level 7 of the Dungeon)
 r - a +0 whip of venom
   (You took it off an orc priest on level 4 of the Dungeon)
 w - a +0 spear of flaming (weapon)
 U - a +0 trident
   (You took it off a centaur on level 11 of the Dungeon)
Missiles
 k - 74 bolts
 m - 16 poisoned darts
 u - a throwing net (quivered)
 E - 8 boomerangs
 H - a curare-tipped dart
Armour
 c - a +1 helmet (melded)
   (You found it on level 1 of the Dungeon)
 d - a scarf of invisibility (melded)
   (You found it on level 1 of the Dungeon)
 e - a +1 pair of boots (melded)
   (You found it on level 1 of the Dungeon)
 h - a +0 kite shield (worn)
   (You found it on level 7 of the Dungeon)
 o - a +1 pair of gloves (melded)
   (You found it on level 3 of the Dungeon)
 Q - a +0 troll leather armour (melded)
   (You found it on level 10 of the Dungeon)
Jewellery
 f - a +4 ring of evasion (left branch)
   (You found it on level 7 of the Dungeon)
 C - a +4 ring of evasion
   (You found it on level 5 of the Dungeon)
 I - a ring of ice (right branch)
   (You found it on level 8 of the Dungeon)
 K - a ring of flight
   (You found it on level 8 of the Dungeon)
 N - a ring of resist corrosion
   (You found it on level 8 of the Dungeon)
Wands
 F - a wand of iceblast (17)
   (You found it on level 6 of the Dungeon)
 G - a wand of paralysis (6)
   (You found it on level 6 of the Dungeon)
 M - a wand of polymorph (7)
   (You took it off Maurice on level 8 of the Dungeon)
Scrolls
 b - 2 scrolls of enchant weapon
 j - 9 scrolls of teleportation {@r4}
 l - 2 scrolls of fear
 q - a scroll of summoning {unknown}
 s - 2 scrolls of immolation {unknown}
 t - a scroll of vulnerability {unknown}
 y - 2 scrolls of magic mapping
 J - 2 scrolls of amnesia
 P - a scroll of noise {unknown}
 R - 2 scrolls of identify {@r1}
 T - a scroll of silence {unknown}
Potions
 g - 2 potions of might
 i - a potion of cancellation {unknown}
 n - 2 potions of magic {unknown}
 v - a potion of haste {@q3}
 x - a potion of lignification {!q}
 z - 2 potions of mutation {!q}
 A - 2 potions of invisibility
 B - a potion of ambrosia {unknown}
 D - 2 potions of curing {@q1}
 L - 2 potions of attraction {!q}
 O - a potion of brilliance
 S - 3 potions of flight


   Skills:
 + Level 9.2 Fighting
 + Level 6.3 Short Blades
 + Level 6.3 Long Blades
 + Level 6.3 Axes
 + Level 6.3 Maces & Flails
 + Level 9.2 Polearms
 + Level 6.3 Staves
 + Level 6.3 Slings
 + Level 6.3 Bows
 + Level 6.3 Crossbows
 + Level 6.3 Throwing
 + Level 6.3 Armour
 + Level 6.3 Dodging
 + Level 6.3 Stealth
 + Level 6.3 Shields
 + Level 6.3 Unarmed Combat
 + Level 7.0 Spellcasting
 + Level 5.2 Conjurations
 + Level 5.2 Hexes
 + Level 5.2 Summonings
 + Level 5.2 Necromancy
 + Level 5.2 Translocations
 + Level 5.2 Transmutations
 + Level 7.7 Fire Magic
 + Level 5.2 Ice Magic
 + Level 5.2 Air Magic
 + Level 5.2 Earth Magic
 + Level 5.2 Poison Magic
 + Level 7.0 Invocations
 + Level 6.3 Evocations


You had 21 spell levels left.
You knew the following spells:

 Your Spells              Type           Power      Damage    Failure   Level
a - Scorch                Fire           52%        2d7       2%          2
b - Summon Small Mammal   Summ           76%        N/A       4%          1

Your spell library contained the following spells:

 Spells                   Type           Power      Damage    Failure   Level
 Animate Skeleton         Necr           38%        N/A       4%          1
 Apportation              Tloc           38%        N/A       4%          1
 Ensorcelled Hibernation  Hex/Ice        58%        N/A       7%          2
 Static Discharge         Conj/Air       19%        N/A       7%          2
 Call Canine Familiar     Summ           19%        N/A       13%         3
 Spider Form              Tmut/Pois      19%        N/A       13%         3
 Summon Guardian Golem    Hex/Summ       19%        N/A       13%         3
 Anguish                  Hex/Necr       9%         N/A       41%         4
 Lightning Bolt           Conj/Air       9%         1d22      77%         5
 Maxwell's Capacitive Co  Air            9%         ∞         100%        8


Dungeon Overview and Level Annotations

Branches:
Dungeon (11/15)            Temple (0/1) D:4            Lair (0/6) D:10
    Orc (0/2) D:9         Ossuary (visited)           IceCv (1/1)

Altars:
Elyvilon
Fedhas
Hepliaklqana
Uskayaw
Wu Jian
Xom

Shops:
D:7 !   D:8 !   D:10 (

Annotations:
D:11 Erica


Innate Abilities, Weirdness & Mutations

You are a tree.
Your roots penetrate the ground, keeping you stationary.
You cannot be teleported.
You are immune to unholy pain and torment.
Your maximum health is greatly increased.
Your equipment is partially melded.
((You have very sharp teeth.))
Your uncanny sense of smell can sniff out nearby items.
Your experience applies equally to all skills.


Message History

You closely miss the ice devil. The ice devil closely misses you.
Flames lash the ice devil.
The ice devil is burned terribly!
The ice devil's fire resistance burns away.
The ice devil misses you.
You hit the ice devil.
The ice devil hits you but does no damage.
You barely miss the ice devil. The ice devil barely misses you.
You hit the ice devil but do no damage. The ice devil hits you.
* * * LOW HITPOINT WARNING * * *
The ice devil freezes you! You resist.
* * * LOW HITPOINT WARNING * * *
Here: an ice devil (lightly wounded)
The floor.
You don't have enough magic to cast this spell.
There is an open door here.
You hit the ice devil.
You bite the ice devil, but do no damage.
The ice devil is no longer more vulnerable to fire.
The ice devil completely misses you.
You hit the ice devil. The ice devil hits you.
* * * LOW HITPOINT WARNING * * *
The ice devil freezes you! You resist.
* * * LOW HITPOINT WARNING * * *
You hear the quick crackling of a melting archway very nearby.
Flames lash the ice devil but do no damage.
The ice devil closely misses you.
Flames lash the ice devil.
The ice devil is burned terribly!
The ice devil's fire resistance burns away.
You closely miss the ice devil. The ice devil misses you.
The ice devil hits you but does no damage.
The ice devil is no longer more vulnerable to fire.
The ice devil hits you but does no damage.
There is an open door here.
You hear the quick crackling of a melting archway.
There is a frozen archway here.
The ice devil misses you.
The world spins around you as you enter the gateway.
You enter an ice cave!
Found an ice covered gate leading back out of this place.
There is an ice choked empty arch of ancient stone here.
The white imp shouts, "Leave, thou qualling flap-mouthed ratsbane!"
Your +0 spear of flaming bursts into flame!
w - a +0 spear of flaming (weapon)
You miscast Scorch.
You are very lightly contaminated with residual magic.
Nothing appears to happen.
There is an ice choked empty arch of ancient stone here.
Flames lash the naga simulacrum.
The naga simulacrum melts!
The naga simulacrum's fire resistance burns away.
The white imp gestures at you. The puff of frost hits you. You resist.
Flames lash the naga simulacrum.
The naga simulacrum melts!
An ice devil comes into view.
The white imp gestures at you. The puff of frost misses you.
Flames lash the white imp.
The white imp is burned terribly!
You kill the white imp!
An ice devil is nearby!
A death yak simulacrum comes into view.
Your magical contamination has completely faded away.
A naga simulacrum comes into view.
You hit the ice devil. You burn the ice devil.
The ice devil completely misses you.
You hit the ice devil but do no damage. The ice devil hits you.
The ice devil freezes you. You resist.
You hit the ice devil but do no damage.
You bite the ice devil, but do no damage.
The ice devil completely misses you.
Flames lash the death yak simulacrum.
The death yak simulacrum melts!
The death yak simulacrum's fire resistance burns away.
The ice devil misses you.
You hit the death yak simulacrum.
You melt the death yak simulacrum.
You block the death yak simulacrum's attack.
The ice devil barely misses you.
You hit the death yak simulacrum but do no damage.
The death yak simulacrum gores you. The death yak simulacrum freezes you!
You resist.
You puncture the death yak simulacrum!
You melt the death yak simulacrum.
The ice devil misses you.
You hit the death yak simulacrum but do no damage.
The ice devil misses you.
You block the death yak simulacrum's attack.
You hit the death yak simulacrum but do no damage.
The death yak simulacrum is no longer more vulnerable to fire.
The ice devil hits you. The ice devil freezes you! You resist.
You hit the death yak simulacrum but do no damage.
The death yak simulacrum gores you but does no damage.
The ice devil hits you! The ice devil freezes you! You resist.
You hit the death yak simulacrum.
You melt the death yak simulacrum.
The death yak simulacrum gores you but does no damage.
You hit the death yak simulacrum.
You melt the death yak simulacrum.
You block the ice devil's attack.
You hit the death yak simulacrum.
You melt the death yak simulacrum.
You bite the death yak simulacrum. The death yak simulacrum gores you!
* * * LOW HITPOINT WARNING * * *
The death yak simulacrum freezes you! You resist.
* * * LOW HITPOINT WARNING * * *
The ice devil misses you.
You feel much better. The ice devil closely misses you.
The death yak simulacrum barely misses you.
The naga simulacrum hits you!
* * * LOW HITPOINT WARNING * * *
The naga simulacrum freezes you. You resist.
* * * LOW HITPOINT WARNING * * *
The naga simulacrum misses you.
Really quaff
x - 2 potions of lignification {!q}?
Really quaff the potion of lignification?
You turn into a tree.
Your scarf of invisibility melds into your body.
Your +1 helmet melds into your body.
Your +1 pair of gloves melds into your body.
Your +1 pair of boots melds into your body.
Your +0 troll leather armour melds into your body.
Your roots penetrate the ground.
The ice devil hits you but does no damage.
You feel yourself speed up.
The death yak simulacrum gores you but does no damage.
You block the naga simulacrum's attack. The naga simulacrum grabs you.
The naga simulacrum constricts you. You block the ice devil's attack.
You feel very mighty all of a sudden.
The death yak simulacrum gores you but does no damage.
You block the naga simulacrum's attack. The naga simulacrum constricts you.
You puncture the death yak simulacrum!
You melt the death yak simulacrum.
The ice devil hits you.
* * * LOW HITPOINT WARNING * * *
The ice devil freezes you! You resist.
* * * LOW HITPOINT WARNING * * *
Unknown command.
You puncture the naga simulacrum!
You melt the naga simulacrum.
The ice devil hits you!
* * * LOW HITPOINT WARNING * * *
The ice devil freezes you. You resist.
* * * LOW HITPOINT WARNING * * *
You barely miss the naga simulacrum.
The naga simulacrum hits you but does no damage.
The naga simulacrum constricts you.
You barely miss the naga simulacrum.
The ice devil hits you but does no damage.
You hit the naga simulacrum but do no damage.
The naga simulacrum hits you.
* * * LOW HITPOINT WARNING * * *
The naga simulacrum freezes you! You resist.
* * * LOW HITPOINT WARNING * * *
The naga simulacrum constricts you.
* * * LOW HITPOINT WARNING * * *
You barely miss the naga simulacrum. The ice devil hits you.
* * * LOW HITPOINT WARNING * * *
The ice devil freezes you! You resist.
You die...

#### ##..##
#
##....##..#
#..Z.......
#.♣4∩......
#.......##.
##....###
##..## ####


You could see an ice devil and a naga simulacrum.

Vanquished Creatures
  Harold (D:8)
  Erolcha (D:10)
  A two-headed ogre (D:9)
  Sonja (D:11)
  Pikel (D:8)
  Maurice (D:8)
  An elephant (D:10)
  A kobold demonologist (D:10)
  A troll (D:10)
  A hornet (D:11)
  A wraith (Ossuary)
  8 yaks
  A basilisk (D:8)
  A steam dragon (D:8)
  3 vampire mosquitoes
  A death yak simulacrum (IceCv)
  A water moccasin (D:7)
  2 orc warriors
  An ice beast (D:6)
  A sky beast (D:6)
  2 black bears (D:10)
  A necrophage (D:5)
  10 centaurs
  A phantom (D:4)
  2 kobold brigands
  2 scorpions
  A wyvern zombie (D:8)
  A water moccasin zombie (D:5)
  A water moccasin skeleton (D:4)
  10 killer bees
  4 wights (D:8)
  2 electric eels (D:10)
  3 howler monkeys
  A centaur zombie (D:8)
  A bullfrog skeleton (D:6)
  2 hounds
  4 orc priests
  2 centaur skeletons (D:7)
  4 iguanas
  A scorpion zombie (D:5)
  2 orc wizards
  A mummy (Ossuary)
  3 howler monkey zombies (D:8)
  2 adders
  A naga simulacrum (IceCv)
  A shadow imp (D:7)
  2 white imps
  5 worms
  A dart slug (D:3)
  23 orcs
  3 endoplasms
  9 giant cockroaches
  10 goblins
  4 hobgoblins
  4 jackals (D:2)
  6 quokkas
  8 ball pythons
  5 bats
  5 frilled lizards
  3 gnoll skeletons (Ossuary)
  19 kobolds
  6 kobold skeletons (Ossuary)
  16 orc skeletons (Ossuary)
  7 rats
231 creatures vanquished.

Vanquished Creatures (collateral kills)
  An endoplasm (D:1)
1 creature vanquished.

Vanquished Creatures (others)
  42 foxfires (D:8)
  4 plants (D:10)
46 creatures vanquished.

Grand Total: 278 creatures vanquished

Notes
Turn   | Place    | Note
-------+----------+-------------------------------------------
     0 | D:1      | CryoSword the Gnoll Cinder Acolyte began the quest for the
                  | Orb.
     0 | D:1      | Reached XP level 1. HP: 23/23 MP: 4/4
   177 | D:1      | Reached XP level 2. HP: 29/29 MP: 5/5
   411 | D:1      | Learned a level 2 spell: Scorch
   413 | D:1      | Learned a level 1 spell: Summon Small Mammal
   421 | D:1      | Reached XP level 3. HP: 35/35 MP: 7/7
   739 | D:1      | Found a faded altar of an unknown god.
   840 | D:2      | Reached skill level 1 in Invocations
  1164 | D:2      | Reached skill level 1 in Short Blades
  1164 | D:2      | Reached skill level 1 in Long Blades
  1164 | D:2      | Reached skill level 1 in Axes
  1164 | D:2      | Reached skill level 1 in Maces & Flails
  1164 | D:2      | Reached skill level 1 in Staves
  1164 | D:2      | Reached skill level 1 in Slings
  1164 | D:2      | Reached skill level 1 in Bows
  1164 | D:2      | Reached skill level 1 in Crossbows
  1164 | D:2      | Reached skill level 1 in Throwing
  1164 | D:2      | Reached skill level 1 in Armour
  1164 | D:2      | Reached skill level 1 in Dodging
  1164 | D:2      | Reached skill level 1 in Stealth
  1164 | D:2      | Reached skill level 1 in Shields
  1164 | D:2      | Reached skill level 1 in Unarmed Combat
  1164 | D:2      | Reached skill level 1 in Evocations
  1377 | D:2      | Reached XP level 4. HP: 41/41 MP: 3/8
  2248 | D:3      | Found an ornate altar of the Wu Jian Council.
  2363 | D:3      | Reached skill level 1 in Conjurations
  2363 | D:3      | Reached skill level 1 in Hexes
  2363 | D:3      | Reached skill level 1 in Summonings
  2363 | D:3      | Reached skill level 1 in Necromancy
  2363 | D:3      | Reached skill level 1 in Translocations
  2363 | D:3      | Reached skill level 1 in Transmutations
  2363 | D:3      | Reached skill level 1 in Ice Magic
  2363 | D:3      | Reached skill level 1 in Air Magic
  2363 | D:3      | Reached skill level 1 in Earth Magic
  2363 | D:3      | Reached skill level 1 in Poison Magic
  2513 | D:3      | Noticed a scorpion
  2520 | D:3      | Killed a scorpion
  2521 | D:3      | Reached XP level 5. HP: 47/47 MP: 0/9
  3071 | D:4      | Noticed a phantom
  3075 | D:4      | Killed a phantom
  3076 | D:4      | Reached XP level 6. HP: 53/53 MP: 3/11
  3525 | D:4      | Found a staircase to the Ecumenical Temple.
  3768 | D:5      | Entered Level 5 of the Dungeon
  3917 | D:5      | Reached XP level 7. HP: 59/59 MP: 3/12
  4058 | D:5      | Found a sand-covered staircase.
  4065 | Ossuary  | Entered an ossuary
  4065 | Ossuary  | Noticed a wraith
  4065 | Ossuary  | Noticed a wraith
  4065 | Ossuary  | Noticed a wraith
  4403 | Ossuary  | Noticed a wraith
  4425 | Ossuary  | Killed a wraith
  5279 | D:6      | Reached XP level 8. HP: 64/67 MP: 3/14
  5416 | D:6      | Noticed a yak
  5418 | D:6      | Noticed a yak
  5419 | D:6      | Noticed a yak
  5437 | D:6      | Killed a yak
  5474 | D:6      | Killed a yak
  5811 | D:6      | Noticed a yak
  5822 | D:6      | Killed a yak
  5826 | D:6      | Killed a yak
  6141 | D:6      | Reached XP level 9. HP: 72/72 MP: 9/16
  6574 | D:6      | Found a shimmering altar of Xom.
  6575 | D:6      | Found a white marble altar of Elyvilon.
  6715 | D:7      | Reached skill level 5 in Spellcasting
  6821 | D:7      | Identified the +4 chain mail of Gozag's Righteous Fury
                  | {Will- Int+7}
  6836 | D:7      | Found Yroatz's Distillery.
  6842 | D:7      | Bought a potion of haste for 130 gold pieces
  6842 | D:7      | Bought a potion of heal wounds for 65 gold pieces
  6842 | D:7      | Bought a potion of mutation for 104 gold pieces
  7933 | D:7      | Bought a potion of attraction for 39 gold pieces
  8141 | D:8      | Noticed Maurice
  8147 | D:8      | Killed Maurice
  8218 | D:8      | Reached skill level 5 in Invocations
  8318 | D:8      | Noticed Harold
  8403 | D:8      | Killed Harold
  8404 | D:8      | Reached XP level 10. HP: 38/80 MP: 1/18
  8634 | D:8      | Found a hide-covered altar of Uskayaw.
  8634 | D:8      | Found a blossoming altar of Fedhas.
  8663 | D:8      | Noticed Pikel
  8700 | D:8      | Killed Pikel
  8701 | D:8      | Reached skill level 5 in Short Blades
  8701 | D:8      | Reached skill level 5 in Long Blades
  8701 | D:8      | Reached skill level 5 in Axes
  8701 | D:8      | Reached skill level 5 in Maces & Flails
  8701 | D:8      | Reached skill level 5 in Staves
  8701 | D:8      | Reached skill level 5 in Slings
  8701 | D:8      | Reached skill level 5 in Bows
  8701 | D:8      | Reached skill level 5 in Crossbows
  8701 | D:8      | Reached skill level 5 in Throwing
  8701 | D:8      | Reached skill level 5 in Armour
  8701 | D:8      | Reached skill level 5 in Dodging
  8701 | D:8      | Reached skill level 5 in Stealth
  8701 | D:8      | Reached skill level 5 in Shields
  8701 | D:8      | Reached skill level 5 in Unarmed Combat
  8701 | D:8      | Reached skill level 5 in Evocations
  9066 | D:8      | Found Caikhil's Distillery.
  9124 | D:8      | Bought a potion of might for 44 gold pieces
  9124 | D:8      | Bought a potion of brilliance for 44 gold pieces
  9615 | D:9      | Noticed a two-headed ogre
  9779 | D:9      | Found a staircase to the Orcish Mines.
  9779 | D:9      | Found a hazy altar of Hepliaklqana.
  9910 | D:9      | Killed a two-headed ogre
 10349 | D:10     | Entered Level 10 of the Dungeon
 10540 | D:10     | Noticed a kobold demonologist
 10552 | D:10     | Noticed an orange demon
 10554 | D:10     | Killed a kobold demonologist
 10871 | D:10     | Noticed Erolcha
 10886 | D:10     | Killed Erolcha
 10887 | D:10     | Reached XP level 11. HP: 77/87 MP: 4/20
 11078 | D:10     | Found a staircase to the Lair.
 11432 | D:10     | Reached skill level 5 in Conjurations
 11432 | D:10     | Reached skill level 5 in Hexes
 11432 | D:10     | Reached skill level 5 in Summonings
 11432 | D:10     | Reached skill level 5 in Necromancy
 11432 | D:10     | Reached skill level 5 in Translocations
 11432 | D:10     | Reached skill level 5 in Transmutations
 11432 | D:10     | Reached skill level 5 in Ice Magic
 11432 | D:10     | Reached skill level 5 in Air Magic
 11432 | D:10     | Reached skill level 5 in Earth Magic
 11432 | D:10     | Reached skill level 5 in Poison Magic
 11727 | D:10     | Found Bicwuulao's Weapon Emporium.
 12077 | D:11     | Noticed Erica
 12142 | D:11     | Noticed Sonja
 12163 | D:11     | Killed Sonja
 12284 | D:11     | Found a frozen archway.
 12384 | IceCv    | Entered an ice cave
 12422 | IceCv    | HP: 6/133 [ice devil (1)]
 12422 | IceCv    | Slain by an ice devil

Illustrated notes

Levels and vault maps discovered:
D:1:      lemuel_arrival_cross, layout_basic,
          shapermc_ecumenical_altar_hornbeckon, minmay_misc_feat_hallway,
          minmay_quantized
D:2:      minmay_evil_eye, layout_basic
D:3:      layout_basic, nicolae_wu_jian_wuxing_cycle
D:4:      layout_rooms, minmay_temple_entry_proselytizer
D:5:      layout_rooms, serial_rivers, chequers_serial_rivers_large_b,
          chequers_serial_rivers_micro_e, chequers_serial_rivers_large_a,
          chequers_serial_rivers_marsh, chequers_serial_rivers_micro_c,
          chequers_serial_rivers_room_b, chequers_ossuary_entry_cave
D:6:      layout_gridville, minitemple
D:7:      layout_basic, serial_shops, shop
D:8:      layout_basic, gammafunk_temple_overflow_elements, serial_shops,
          nicolae_shop_stone, uniq_maurice, uniq_pikel, uniq_harold
D:9:      layout_cave_pools, mainiacjoe_overflow_cross_hatched, orc_0_dummy
D:10:     layout_loops_cross, david_lair_generic, serial_shops, shop,
          hangedman_abyss_or_decor_lesser_grid, kennysheep_pointless_box,
          minivault_14, uniq_erolcha
D:11:     layout_cave_pools, portal_ice_cave_demonic_guard,
          minmay_rotating_lava, uniq_sonja, uniq_erica, uniq_psyche
IceCv:    ice_cave_tombish

Skill      XL: |  1  2  3  4  5  6  7  8  9 10 11 |
---------------+----------------------------------+-----
Invocations    | 1 2 3 4 5 6 7 |  7.0
Short Blades   | 1 2 3 4 5 6 |  6.3
Long Blades    | 1 2 3 4 5 6 |  6.3
Axes           | 1 2 3 4 5 6 |  6.3
Maces & Flails | 1 2 3 4 5 6 |  6.3
Staves         | 1 2 3 4 5 6 |  6.3
Slings         | 1 2 3 4 5 6 |  6.3
Bows           | 1 2 3 4 5 6 |  6.3
Crossbows      | 1 2 3 4 5 6 |  6.3
Throwing       | 1 2 3 4 5 6 |  6.3
Armour         | 1 2 3 4 5 6 |  6.3
Dodging        | 1 2 3 4 5 6 |  6.3
Stealth        | 1 2 3 4 5 6 |  6.3
Shields        | 1 2 3 4 5 6 |  6.3
Unarmed Combat | 1 2 3 4 5 6 |  6.3
Evocations     | 1 2 3 4 5 6 |  6.3
Spellcasting   | 3 4 5 6 7 |  7.0
Conjurations   | 1 2 3 4 5 |  5.2
Hexes          | 1 2 3 4 5 |  5.2
Summonings     | 1 2 3 4 5 |  5.2
Necromancy     | 1 2 3 4 5 |  5.2
Translocations | 1 2 3 4 5 |  5.2
Transmutations | 1 2 3 4 5 |  5.2
Ice Magic      | 1 2 3 4 5 |  5.2
Air Magic      | 1 2 3 4 5 |  5.2
Earth Magic    | 1 2 3 4 5 |  5.2
Poison Magic   | 1 2 3 4 5 |  5.2
Fighting       | 7 8 9 |  9.2
Polearms       | 7 8 9 |  9.2
Fire Magic     | 6 7 |  7.7

Action                   |  1- 3 |  4- 6 |  7- 9 | 10-12 || total
-------------------------+-------+-------+-------+-------++-------
Melee: Spear             |   123 |    75 |   138 |   262 ||   598
       Bite              |    14 |    10 |    12 |    34 ||    70
       Punch             |       |     3 |     1 |       ||     4
       Whip              |       |    18 |    12 |    18 ||    48
       Trident           |       |       |       |    12 ||    12
Throw: Throwing net      |       |       |       |     2 ||     2
 Cast: Scorch            |    22 |    43 |   122 |   170 ||   357
       Summon Small Mamm |     1 |       |       |       ||     1
Invok: Fiery Armour      |       |       |     2 |     2 ||     4
       Foxfire Swarm     |       |       |     2 |       ||     2
Evoke: Wand              |       |       |       |     1 ||     1
  Use: Scroll            |       |     3 |    10 |       ||    13
       Potion            |       |       |     6 |     4 ||    10
 Stab: Sleeping          |     2 |     3 |       |       ||     5
       Distracted        |       |       |       |     2 ||     2
       Held in net/web   |       |       |       |     1 ||     1
Armor: Robe              |    28 |     4 |       |       ||    32
       Leather armour    |       |    15 |    57 |    20 ||    92
       Troll leather arm |       |       |       |    98 ||    98
       Skin              |       |       |       |     5 ||     5
Dodge: Dodged            |    47 |    52 |   126 |   434 ||   659
Block: Kite shield       |       |       |    26 |   230 ||   256
